 Dungeon Crawl Stone Soup version 0.27.0-1-g7a089689b8 (webtiles) character file.

Game seed: 16858669833942950237

1946 Smaepdii the Geomancer (level 8, -6/62 HPs)
             Began as a Deep Dwarf Earth Elementalist on Aug 3, 2021.
             Was a Follower of Yredelemnul.
             Mangled by a troll (11 damage)
             ... on level 6 of the Dungeon.
             The game lasted 00:46:19 (5915 turns).

Smaepdii the Geomancer (DDEE)                       Turns: 5915, Time: 00:46:20

Health: -6/62      AC:  4    Str: 12    XL:     8   Next: 98%
Magic:  10/22 (13) EV: 14    Int: 18    God:    Yredelemnul [*.....]
Gold:   234        SH:  0    Dex: 13    Spells: 5/14 levels left

rFire    . . .     SeeInvis +   z - +2 short sword (freeze)
rCold    + . .     Faith    .   (no shield)
rNeg     + . .     Spirit   .   y - +0 robe "Odoheas" {-Tele rC+ rN+ SInv}
rPois    .         Reflect  .   m - +0 helmet
rElec    .         Harm     .   (no cloak)
rCorr    +         Rampage  .   (no gloves)
Will     +....     NoTele   +   A - +0 pair of boots
Stlth    ++........             (no amulet)
HPRegen  0.00/turn              a - ring of resist corrosion
MPRegen  0.18/turn              n - ring of magical power

@: no status effects
A: damage resistance, heal wounds, sense surroundings 1, no regeneration
a: Heal Wounds, Renounce Religion, Animate Remains


You were on level 6 of the Dungeon.
You worshipped Yredelemnul.
Yredelemnul was aware of your devotion.
You visited 2 branches of the dungeon, and saw 7 of its levels.

You collected 234 gold pieces.

Inventory:

Hand Weapons
 s - a +0 battleaxe
 z - a +2 short sword of freezing (weapon)
Missiles
 f - 6 stones
Armour
 l - a +4 ring mail of cold resistance
 m - a +0 helmet (worn)
 y - the +0 robe "Odoheas" (worn) {-Tele rC+ rN+ SInv}
   (You found it on level 5 of the Dungeon)

   rC:        It protects you from cold.
   rN:        It protects you from negative energy.
   SInv:      It lets you see invisible.
   -Tele:     It prevents most forms of teleportation.
 A - a +0 pair of boots (worn)
Magical Staves
 b - a staff of fire
Jewellery
 a - a ring of resist corrosion (left hand)
 n - a ring of magical power (right hand)
Wands
 u - a wand of acid (5)
Scrolls
 c - 3 scrolls of identify
 e - a scroll of teleportation {unknown}
 g - a scroll of immolation {unknown}
 h - 4 scrolls of noise
 i - a scroll of amnesia {unknown}
 j - a scroll of vulnerability {unknown}
 k - a scroll of blinking {unknown}
 o - 2 scrolls of magic mapping {unknown}
 w - a scroll of enchant armour {unknown}
Potions
 d - a potion of resistance
 p - a potion of cancellation {unknown}
 q - 2 potions of curing
 r - a potion of brilliance {unknown}
 t - a potion of haste {unknown}
 v - a potion of heal wounds {unknown}
 x - 2 potions of degeneration {unknown}


   Skills:
 * Level 6.3 Dodging
 - Level 2.4 Stealth
 + Level 3.6 Spellcasting
 - Level 5.1 Necromancy
 - Level 0.8 Transmutations
 - Level 10.1 Earth Magic
 + Level 5.0 Invocations


You had 5 spell levels left.
You knew the following spells:

 Your Spells              Type           Power      Damage    Failure   Level
a - Sandblast             Erth           78%        2d17      1%          1
b - Stone Arrow           Conj/Erth      42%        3d9       6%          3
c - Passwall              Tmut/Erth      19%        N/A       2%          2
d - Vampiric Draining     Necr           10%        2d7       5%          3

Your spell library contained the following spells:

 Spells                   Type           Power      Damage    Failure   Level
 Animate Skeleton         Necr           42%        N/A       1%          1
 Pain                     Necr           84%        1d8       1%          1
 Petrify                  Tmut/Erth      23%        N/A       16%         4
 Gell's Gravitas          Tloc           1%         N/A       43%         3
 Lesser Beckoning         Tloc           1%         N/A       43%         3
 Teleport Other           Tloc           3%         N/A       43%         3


Dungeon Overview and Level Annotations

Branches:
Dungeon (6/15)             Temple (1/1) D:5

Altars:
Ashenzari
Cheibriados
Dithmenos
Hepliaklqana
Makhleb
Qazlal
Ru
Sif Muna
Trog
Uskayaw
Wu Jian
Xom
Yredelemnul
Zin


Innate Abilities, Weirdness & Mutations

You are resistant to damage.
You can heal yourself by infusing magical energy.
You passively map a small area around you.
You do not regenerate.


Message History

You attempt to give life to the dead...
There are no remains here to animate!
Aiming: Sandblast (safe; 1% risk of failure)
Press: ? - help, Q - select action, (/) - cycle Shift-Dir - straight line, f - iguana
Aim: an iguana (84% to hit)
The blast of sand hits the iguana!!
You kill the iguana!
Yredelemnul accepts your kill.
A killer bee zombie comes into view.
The troll misses you. The troll claws you! The troll barely misses you.
The hound closely misses you.
Aiming: Sandblast (safe; 1% risk of failure)
Press: ? - help, Q - select action, (/) - cycle Shift-Dir - straight line, f - scorpion
Aim: a scorpion (82% to hit)
The blast of sand hits the scorpion!!
You kill the scorpion!
Yredelemnul accepts your kill. The hound bites you but does no damage.
The howler monkey hoots and howls with incredible vigour!
The troll bites you!
* * * LOW HITPOINT WARNING * * *
The troll closely misses you. The troll claws you.
* * * LOW HITPOINT WARNING * * *
The hound closely misses you.
You hear an angry hiss.
Your Invocations skill increases to level 5!
Aiming: Sandblast (safe; 1% risk of failure)
Press: ? - help, Q - select action, (/) - cycle Shift-Dir - straight line, f - necrophage
Aim: a necrophage (82% to hit)
The blast of sand misses the necrophage.
The troll bites you but does no damage. The troll closely misses you.
The troll barely misses you. The hound bites you.
* * * LOW HITPOINT WARNING * * *
Aiming: Sandblast (safe; 1% risk of failure)
Press: ? - help, Q - select action, (/) - cycle Shift-Dir - straight line, f/p - necrophage
Aim: a necrophage (82% to hit)
The blast of sand hits the necrophage!
The necrophage is heavily damaged.
The hound barely misses you. The troll bites you!
You die...
Your body rises from the dead as a mindless zombie.

, .### ###
...##########
..###..........# ,
*#($##.........# *
#(!#.........# * *
,*#(#.Z.......##.* , ,
, #)#........'.. , * *
#. *,##n#........## *
#..##T@#...........
...###cJh##.#########.
* .......h####..# *
........Z.....# * *
,.......###....#
.......###....# < , ,
..............# *
..............# *
..........#####


You could see a troll, a necrophage, a centaur, a howler monkey (catching
breath), a hound and a jelly.

Vanquished Creatures
  2 slime creatures (D:5)
  A shadow (D:6)
  2 ogres
  A phantom (D:5)
  3 kobold brigands
  2 scorpions (D:6)
  4 wights (D:6)
  A hound (D:4)
  8 jellies
  An orc priest (D:5)
  2 iguanas
  A scorpion zombie (D:5)
  2 orc wizards
  A hound skeleton (D:4)
  A howler monkey zombie (D:5)
  4 gnolls (D:3)
  A howler monkey skeleton (D:5)
  7 adders
  2 ufetubi
  4 worms
  5 dart slugs
  11 orcs
  7 endoplasms
  3 giant cockroaches
  4 goblins
  4 hobgoblins
  11 jackals
  2 quokkas
  9 ball pythons
  3 bats
  2 frilled lizards (D:2)
  15 kobolds
  6 rats
132 creatures vanquished.

Vanquished Creatures (others)
  2 kobold zombies (D:6)
  An orc zombie (D:6)
  A scorpion zombie (D:6)
  5 fungi (D:5)
  11 toadstools (D:5)
20 creatures vanquished.

Grand Total: 152 creatures vanquished

Notes
Turn   | Place    | Note
-------+----------+-------------------------------------------
     0 | D:1      | Smaepdii the Deep Dwarf Earth Elementalist began the quest
                  | for the Orb.
     0 | D:1      | Reached XP level 1. HP: 15/15 MP: 3/3
   261 | D:1      | Reached XP level 2. HP: 22/22 MP: 1/4
   283 | D:1      | Reached skill level 5 in Earth Magic
   406 | D:1      | Found a faded altar of an unknown god.
  1058 | D:2      | Reached XP level 3. HP: 28/28 MP: 0/5
  1357 | D:2      | Reached skill level 6 in Earth Magic
  1628 | D:2      | Reached XP level 4. HP: 36/36 MP: 6/6
  1668 | D:2      | Learned a level 3 spell: Stone Arrow
  2589 | D:3      | Reached skill level 7 in Earth Magic
  3050 | D:4      | Reached XP level 5. HP: 33/42 MP: 7/7
  3052 | D:4      | Noticed an ogre
  3058 | D:4      | Killed an ogre
  3059 | D:4      | Reached skill level 8 in Earth Magic
  3161 | D:4      | Reached skill level 9 in Earth Magic
  3161 | D:4      | Reached XP level 6. HP: 39/49 MP: 8/8
  3706 | D:5      | Entered Level 5 of the Dungeon
  3812 | D:5      | Reached skill level 10 in Earth Magic
  3833 | D:5      | Found a staircase to the Ecumenical Temple.
  3847 | D:5      | Identified the +0 robe "Odoheas" {-Tele rC+ rN+ SInv}
  3891 | Temple   | Entered the Ecumenical Temple
  4140 | Temple   | Became a worshipper of Yredelemnul the Dark
  4166 | D:5      | Learned a level 2 spell: Passwall
  4194 | D:5      | Reached skill level 1 in Invocations
  4279 | D:5      | Reached skill level 1 in Necromancy
  4379 | D:5      | Reached XP level 7. HP: 47/55 MP: 9/9
  4614 | D:5      | Learned a level 3 spell: Vampiric Draining
  4662 | D:5      | Reached skill level 5 in Necromancy
  5009 | D:5      | Noticed a slime creature
  5009 | D:5      | Noticed a slime creature
  5018 | D:5      | Reached * piety under Yredelemnul
  5088 | D:5      | Killed a slime creature
  5089 | D:5      | Reached XP level 8. HP: 28/62 MP: 3/11
  5238 | D:5      | Killed a slime creature
  5630 | D:6      | Reached skill level 5 in Dodging
  5900 | D:6      | Noticed a troll
  5914 | D:6      | Reached skill level 5 in Invocations
  5915 | D:6      | Mangled by a troll

Illustrated notes

Levels and vault maps discovered:
D:1:      dpeg_arrival_long_road, layout_loops_ring,
          hellmonk_ecumenical_altar_crossroads, minmay_tetromino_s4
D:2:      layout_basic, serial_bayou_pond_a, minmay_surrounded
D:3:      layout_basic
D:4:      layout_rooms, serial_rivers, chequers_serial_rivers_large_a,
          chequers_serial_rivers_micro_c, chequers_serial_rivers_room_b,
          chequers_serial_rivers_large_b, chequers_serial_rivers_small_3
D:5:      cheibrodos_fertilizer, layout_basic, minmay_temple_entry_slanted
D:6:      layout_basic, grunt_temple_overflow_opulence, minmay_alternating_orb,
          uniq_grinder, uniq_sigmund
Temple:   eino_narrow_crystal_temple

Skill      XL: |  1  2  3  4  5  6  7  8 |
---------------+-------------------------+-----
Earth Magic    | 5 6 7 9 10 | 10.1
Invocations    | 1 2 5 |  5.0
Necromancy     | 2 5 |  5.1
Dodging        | 3 6 |  6.3
Spellcasting   | 2 3 |  3.6
Stealth        | |  2.4
Transmutations | |  0.8

Action                   |  1- 3 |  4- 6 |  7- 9 || total
-------------------------+-------+-------+-------++-------
Melee: Dagger            |    37 |    12 |       ||    49
       Battleaxe         |       |    26 |       ||    26
       Short sword       |       |       |     5 ||     5
 Cast: Sandblast         |    62 |    41 |    65 ||   168
       Stone Arrow       |       |     5 |     9 ||    14
       Vampiric Draining |       |       |    13 ||    13
Invok: Animate Remains   |       |       |     9 ||     9
 Abil: Heal Wounds       |     1 |     1 |     2 ||     4
  Use: Scroll            |       |     3 |       ||     3
Armor: Robe              |    11 |     3 |     8 ||    22
       Ring mail         |     5 |    12 |       ||    17
Dodge: Dodged            |    28 |    30 |    33 ||    91
